Map: [ESL] Oceanborn

Players

Krystianer - Winner!

  • Race: Protoss Protoss
  • Spawn Location: 11:00

Rodzyn

  • Race: Protoss Protoss
  • Spawn Location: 5:00

Event: ESL SC2 Masters 2024 Spring (Regional)

VOD

Have the link to the VOD?

Description

Time

  • Played on: April 11, 2024, 12:34 p.m.
  • Length: 8:29

All games in this series

Show
View Real Time Build Order
Export as new Build Order

Krystianer Protoss - Winner!

Build Orders:  

Get SALT Encoding   

  12  0:00  Probe  
  13  0:12  Probe  
  14  0:16  Pylon  
  14  0:24  Probe (Chrono Boost)  
  16  0:36  Probe (Chrono Boost)  
  16  0:37  Gateway  
  16  0:42  Probe (Chrono Boost)  
  16  0:45  Assimilator  
  17  0:51  Probe  
  17  0:54  Assimilator  
  18  1:03  Probe (Chrono Boost)  
  19  1:07  Gateway  
  19  1:12  Probe (Chrono Boost)  
  19  1:17  Probe (Chrono Boost)  
  20  1:24  Cybernetics Core  
  21  1:29  Probe  
  22  1:34  Pylon  
  22  1:41  Probe  
  23  1:53  Probe  
  24  2:00  Robotics Facility  
  24  2:01  Adept x2  
  28  2:08  Warp Gate (Chrono Boost)  
  28  2:10  Shield Battery  
  28  2:18  Pylon  
  28  2:20  Probe  
  29  2:32  Stalker  
  29  2:36  Stalker  
  32  2:43  Warp Prism (Chrono Boost)  
  34  2:53  Probe  
  35  3:16  Nexus  
  35  3:19  Probe  
  36  3:24  Observer  
  36  3:25  Pylon  
  36  3:31  Probe  
  38  3:43  Probe  
  39  3:50  Adept  
  39  3:51  Adept  
  44  4:00  Pylon  
  43  4:06  Immortal (Chrono Boost)  
  47  4:18  Probe  
  48  4:28  Probe  
  48  4:30  Probe  
  50  4:35  Sentry x2  
  48  4:39  Pylon  
  48  4:42  Probe  
  48  4:45  Immortal (Chrono Boost)  
  52  4:55  Probe  
  52  4:59  Shield Battery, Adept x2  
  56  5:01  Probe  
  56  5:07  Probe  
  58  5:15  Twilight Council  
  58  5:19  Immortal (Chrono Boost)  
  62  5:23  Probe  
  62  5:28  Sentry x2  
  67  5:30  Probe  
  67  5:33  Assimilator  
  67  5:35  Probe  
  69  5:42  Probe  
  70  5:47  Probe  
  69  5:54  Immortal (Chrono Boost), Probe  
  69  5:55  Adept x2  
  76  5:59  Probe  
  75  6:14  Probe  
  74  6:26  Adept x2  
  74  6:29  Gateway  
  74  6:30  Blink (Chrono Boost)  
  74  6:31  Pylon  
  78  6:36  Gateway  
  78  6:38  Gateway  
  78  6:41  Pylon  
  78  6:47  Gateway  
  78  6:48  Warp Prism (Chrono Boost)  
  78  7:07  Stalker x2  
  78  7:11  Gateway  
  78  7:13  Gateway  
  78  7:18  Immortal (Chrono Boost)  
  82  7:27  Nexus  
  82  7:50  Sentry x2, Stalker x4  
  94  7:53  Pylon  
  94  8:03  Pylon  
  94  8:04  Pylon  
  92  8:17  Stalker x4  
  100  8:24  Stalker  
Show
View Real Time Build Order
Export as new Build Order

Rodzyn Protoss 

Build Orders:  

Get SALT Encoding   

  12  0:00  Probe  
  13  0:12  Probe  
  14  0:16  Pylon  
  14  0:24  Probe (Chrono Boost)  
  16  0:36  Probe (Chrono Boost), Gateway  
  16  0:42  Probe (Chrono Boost)  
  16  0:47  Assimilator  
  17  0:50  Probe  
  17  0:53  Assimilator  
  18  1:03  Probe (Chrono Boost)  
  19  1:06  Gateway  
  19  1:13  Probe (Chrono Boost)  
  19  1:17  Probe (Chrono Boost)  
  20  1:24  Cybernetics Core  
  21  1:29  Probe  
  22  1:34  Pylon  
  22  1:41  Probe  
  23  1:56  Probe  
  23  2:00  Sentry, Stalker, Warp Gate  
  28  2:11  Pylon  
  28  2:17  Probe  
  29  2:36  Sentry, Stalker  
  33  2:41  Probe  
  34  2:48  Nexus  
  34  2:54  Pylon  
  34  3:02  Sentry  
  34  3:03  Probe  
  37  3:06  Shield Battery  
  37  3:15  Probe (Chrono Boost)  
  38  3:25  Robotics Facility  
  38  3:27  Probe (Chrono Boost)  
  39  3:36  Probe (Chrono Boost)  
  44  3:44  Probe (Chrono Boost)  
  41  3:52  Stalker x2  
  46  3:55  Probe (Chrono Boost)  
  48  4:03  Probe (Chrono Boost)  
  48  4:04  Probe (Chrono Boost)  
  48  4:10  Probe (Chrono Boost)  
  48  4:13  Probe (Chrono Boost)  
  47  4:26  Stalker x2  
  48  4:39  Probe  
  48  4:42  Probe  
  49  4:52  Probe  
  49  4:53  Observer (Chrono Boost)  
  49  4:54  Probe  
  51  5:04  Stalker, Probe  
  51  5:06  Probe  
  55  5:16  Probe  
  55  5:18  Probe  
  57  5:25  Nexus  
  57  5:28  Probe  
  58  5:34  Pylon, Probe  
  59  5:52  Immortal (Chrono Boost)  
  63  5:58  Pylon, Stalker, Probe  
  63  5:59  Stalker  
  68  6:08  Probe  
  69  6:12  Shield Battery  
  69  6:13  Probe  
  68  6:21  Probe  
  68  6:23  Shield Battery  
  64  6:27  Stalker  
  64  6:28  Stalker  
  64  6:29  Probe (Chrono Boost)  
  68  6:33  Probe (Chrono Boost)  
  70  6:40  Probe (Chrono Boost)  
  70  6:43  Probe (Chrono Boost)  
  73  6:47  Probe (Chrono Boost)  
  73  6:49  Probe (Chrono Boost)  
  73  6:51  Twilight Council, Forge  
  73  6:53  Probe (Chrono Boost)  
  72  6:54  Probe (Chrono Boost)  
  72  6:57  Probe (Chrono Boost)  
  72  6:58  Stalker x2  
  72  7:00  Probe (Chrono Boost)  
  76  7:10  Probe (Chrono Boost)  
  76  7:12  Probe (Chrono Boost)  
  79  7:15  Observer  
  79  7:17  Probe (Chrono Boost)  
  79  7:20  Probe x2 (Chrono Boost)  
  81  7:24  Probe (Chrono Boost)  
  81  7:25  Probe (Chrono Boost)  
  81  7:26  Probe  
  84  7:31  Assimilator  
  84  7:35  Probe  
  85  7:43  Stalker  
  87  7:48  Probe  
  77  7:52  Probe  
  77  7:57  Sentry, Gateway  
  80  7:59  Gateway  
  80  8:01  Gateway  
  80  8:02  Assimilator  
  80  8:04  Probe  
  80  8:13  Probe  
  80  8:14  Stalker  
Tags
 
Add a new tag
Caveats
  • Supply blocks, unpowered buildings, or Contaminate may cause inaccurate times.
  • Supply counts are checked every 10 seconds.